AoeStats
← FYI Inc

Arabia

506072153Analyzed
1v1 RM · 19d ago on Sep 12, 2026· 40m 55s· 2 players
Game mode
Random Map
Map size
Tiny (2 player)
Population
200
Speed
Normal
Resources
Standard
Victory
Conquest
Starting age
Dark Age
Ending age
Imperial Age
RankedLock teamsTeams togetherTeam positionsShared explorationLock speedFull tech treeHidden civsTurbo modeCheats
Victory
Defeat
🇺🇸 Magyars · United States
2372
+4
🇻🇳 Lithuanians · Vietnam
2021
-4
chuoi
5:40 Loom
8:31 Feudal Age
9:22 Double-Bit Axe
12:59 Horse Collar
21:27 Castle Age
19:41 Forging
20:24 Bloodlines
20:53 Gold Mining
21:32 Light Cavalry
22:18 Scale Barding Armor
23:07 Husbandry
23:50 Bow Saw
26:46 Town Watch
27:40 Wheelbarrow
31:01 Chain Barding Armor
40:50 Imperial Age
40:39 Iron Casting
40:17 Hill Forts
40:09 Fletching
FYI Inc
6:02 Loom
8:28 Feudal Age
9:18 Double-Bit Axe
12:45 Horse Collar
16:50 Wheelbarrow
18:26 Town Watch
21:23 Castle Age
19:57 Bloodlines
19:59 Fletching
21:06 Padded Archer Armor
21:24 Gold Mining
22:06 Husbandry
22:21 Bow Saw
23:59 Bodkin Arrow
26:45 Ballistics
27:24 Gold Shaft Mining
26:53 Stone Mining
29:14 Leather Archer Armor
32:16 Thumb Ring
32:47 Hand Cart
35:58 Imperial Age
37:04 Bracer
37:30 Heavy Plow
38:48 Chemistry
39:52 Ring Archer Armor
40:49 Parthian Tactics
Connection lost

Rejoining the realm…

Still unreachable

The connection could not be restored.

Session expired

The server has moved on; the page needs a fresh start.